 Dungeon Crawl Stone Soup version 0.20-a0-539-g174d061 (webtiles) character file.

268 Dragon983 the Sneak (level 6, -6/43 HPs)
             Began as an Octopode Assassin on Jan 29, 2017.
             Mangled by an ice beast (16 damage)
             ... on level 3 of the Dungeon.
             The game lasted 00:04:17 (2615 turns).

Dragon983 the Sneak (Octopode Assassin)             Turns: 2615, Time: 00:04:18

Health: -6/43      AC:  1    Str: 11    XL:     6   Next: 21%
Magic:  6/6        EV: 14    Int: 13    God:
Gold:   54         SH:  0    Dex: 15    Spells: 5/5 levels left

rFire    + . .     SeeInvis .   a - +2 dagger
rCold    x . .     Gourm    .   (no shield)
rNeg     . . .     Faith    .   (helmet restricted)
rPois    .         Spirit   .   (no amulet)
rElec    .         Reflect  .   p - ring of fire
rCorr    .         Harm     .   (no ring)
MR       .....                  (no ring)
Stlth    +++++.....             (no ring)
Regen    0.2/turn               (no ring)
                                (no ring)
                                (no ring)
                                (no ring)

@: no status effects
A: almost no armour, stealthy swim, amphibious, 8 rings, constrict 8, camouflage
1, gelatinous body 1
a: no special abilities


You were on level 3 of the Dungeon.
You were not hungry.

You visited 1 branch of the dungeon, and saw 4 of its levels.

You collected 54 gold pieces.

Inventory:

Hand Weapons
 a - a +2 dagger (weapon)
 b - a +0 blowgun
Missiles
 c - 8 poisoned needles
 d - 2 curare-tipped needles
Jewellery
 p - a ring of fire (left tentacle)
 t - a +3 ring of protection {unknown}
Wands
 n - a wand of paralysis (15/24)
Scrolls
 e - 2 scrolls of enchant weapon {unknown}
 g - 3 scrolls of identify {unknown}
 j - 3 scrolls of remove curse {unknown}
 o - a scroll of teleportation {unknown}
 q - 2 scrolls of blinking {unknown}
Potions
 i - 3 potions of curing {unknown}
 k - a potion of ambrosia {unknown}
 l - a potion of lignification {unknown}
 m - a potion of might {unknown}
 r - a potion of berserk rage {unknown}
 s - a potion of brilliance {unknown}
 w - a potion of haste {unknown}
Comestibles
 f - 2 bread rations
 h - 2 fruits
 u - a royal jelly
 v - 3 chunks of flesh


   Skills:
 * Level 4.0 Fighting
 + Level 2.9 Short Blades
 - Level 2.0 Throwing
 + Level 2.4 Dodging
 * Level 7.4 Stealth


You had 5 spell levels left.
You didn't know any spells.

Dungeon Overview and Level Annotations

Branches:
Dungeon (4/15)
 Temple: D:4-7

Altars:
Makhleb


Innate Abilities, Weirdness & Mutations

You cannot wear most types of armour.
You are very stealthy in the water. (Stealth+)
You are amphibious.
You can wear up to eight rings at the same time.
You can use your tentacles to constrict eight enemies at once.
Your skin changes colour to match your surroundings (Stealth+).
Your rubbery body absorbs attacks. (AC +1, EV +1)


Message History

The dart slug is heavily wounded.
You constrict the dart slug. The dart slug launches a dart at you.
The slug dart hits you!
You release your grip on the dart slug.
You see here 8 gold pieces.
The dart slug launches a dart at you. The slug dart misses you.
You see here 15 stones.
There is a stone staircase leading up here.
The ice beast misses you.
You climb upwards.
There is a stone staircase leading down here.
The ice beast hits you. The ice beast freezes you!
You feel a terrible chill!
You hit the ice beast but do no damage. The ice beast hits you.
The ice beast freezes you!
You feel a terrible chill!
You closely miss the ice beast. The ice beast hits you.
* * * LOW HITPOINT WARNING * * *
The ice beast freezes you!
You feel a terrible chill!
You die...

# ##........###................)
####..........<.......#######....
............(.##..##### ###..
####.............## ### #
#..........#### # #..........# #
#####........### ##
...............#### ##.
........).......@># ##..
###.............Y.# #..# #
#...........#...# #.##
###...........##### ###.#
..........[..########## ##...#
###...................#####..###
###.####..#########.......##
##....####.## ######.######
##..##.......# #.......


You could see an ice beast.

Vanquished Creatures
  Eustachio (D:4)
  A hound (D:2)
  4 adders
  A worm (D:2)
  2 dart slugs (D:2)
  2 leopard geckos
  8 bats
  3 giant cockroaches
  8 goblins
  5 hobgoblins
  7 jackals
  6 kobolds
  3 ball pythons
  3 frilled lizards (D:2)
  8 rats
62 creatures vanquished.

Notes
Turn   | Place    | Note
-------+----------+-------------------------------------------
     0 | D:1      | Dragon983 the Octopode Assassin began the quest for the Orb.
     0 | D:1      | Reached XP level 1. HP: 14/14 MP: 1/1
    48 | D:1      | Reached XP level 2. HP: 16/19 MP: 2/2
   600 | D:1      | Reached XP level 3. HP: 20/25 MP: 3/3
  1201 | D:2      | Reached skill level 6 in Stealth
  1305 | D:2      | Reached XP level 4. HP: 21/31 MP: 4/4
  1703 | D:2      | Found a burning altar of Makhleb.
  1875 | D:3      | Reached XP level 5. HP: 36/36 MP: 5/5
  2445 | D:4      | Noticed Eustachio
  2457 | D:4      | Killed Eustachio
  2457 | D:4      | Reached skill level 7 in Stealth
  2457 | D:4      | Reached XP level 6. HP: 43/43 MP: 6/6
  2575 | D:4      | Noticed an ice beast
  2615 | D:3      | Mangled by an ice beast

Vault maps used:
D:1:      lightli_arrival_boilingwater
D:2:      makhleb_blood_cavern_becter
D:4:      kennysheep_mini_moat, minmay_temple_entry_fiery, uniq_eustachio

Skill      XL: |  1  2  3  4  5 |
---------------+----------------+-----
Stealth        | 6 7 |  7.4
Fighting       | 3 4 |  4.0
Dodging        | 2 |  2.4
Short Blades   | |  2.9
Throwing       | |  2.0

Action                   |  1- 3 |  4- 6 || total
-------------------------+-------+-------++-------
Melee: Dagger            |    69 |    67 ||   136
       Tentacles         |     8 |    10 ||    18
       Constrict         |    17 |    15 ||    32
 Stab: Sleeping          |    10 |     4 ||    14
  Eat: Chunk             |     1 |     4 ||     5
Armor: Skin              |    13 |     4 ||    17
Dodge: Dodged            |    57 |    51 ||   108
